cohdb
Replays
Latest Replays
All Replays
Popular Replays
Top Player Replays
Match Explorer
How It Works
Community
CoH3 Stats
Reddit
Sign in to upload your games and track your stats! →
Sign in with Steam
Match 42820463
Unlisted
Match 42820463
Overview
Messages
Build Orders
End
Construct Infanterie Kompanie
Selects Terror Battlegroup
Selects Machine Gun Camouflage
Grenadier Squad
Grenadier Squad
MG 42 Machine Gun Team
MG 42 Machine Gun Team
Medical Station
Construct Panzergrenadier Kompanie
Forward Retreat Point
Medical Bunker
Selects Defend the Fatherland
Support Elements
Selects Defend the Fatherland
Nebelwerfer 42 Rocket Launcher Team
Pak 40 Anti-tank Gun Team
StuG III G Assault Gun
Medical Bunker
Nebelwerfer 42 Rocket Launcher Team
Pak 40 Anti-tank Gun Team
Side Skirts
つはっみ /人◕ ‿‿ ◕人\®
1443943334
Toki Asuma
Beaufrightener
Israffell
Arges
SenSelleS
admiral_gnar
0
0
Comments
sign in to comment!
No comments posted yet!